AoeStats
← Mithrandir

Arabia

505740775Analyzed
1v1 RM · 23d ago on Sep 10, 2026· 61m 50s· 2 players
Game mode
Random Map
Map size
Tiny (2 player)
Population
200
Speed
Normal
Resources
Standard
Victory
Conquest
Starting age
Dark Age
Ending age
Imperial Age
RankedLock teamsTeams togetherTeam positionsShared explorationLock speedFull tech treeHidden civsTurbo modeCheats
Victory
Defeat
🇧🇷 Franks · Brazil
817
+35
🇩🇪 Tatars · Germany
812
-16
heiko.hildebrandt
5:29 Loom
10:09 Feudal Age
19:27 Castle Age
18:50 Double-Bit Axe
18:59 Fletching
25:23 Padded Archer Armor
26:15 Bodkin Arrow
27:04 Stone Mining
27:30 Horse Collar
29:09 Ballistics
32:45 Silk Armor
49:24 Imperial Age
48:54 Bloodlines
51:29 Heavy Camel Rider
54:04 Scale Barding Armor
55:04 Wheelbarrow
54:38 Town Watch
54:47 Gold Mining
55:50 Husbandry
56:15 Conscription
56:59 Hand Cart
58:07 Leather Archer Armor
Mithrandir
7:43 Loom
10:28 Feudal Age
17:42 Double-Bit Axe
23:37 Castle Age
22:52 Scale Barding Armor
24:31 Forging
25:54 Bow Saw
27:08 Chain Barding Armor
28:50 Wheelbarrow
28:24 Gold Mining
29:23 Iron Casting
35:53 Gold Shaft Mining
45:30 Hand Cart
50:16 Imperial Age
49:58 Town Watch
50:21 Stone Mining
51:09 #83
51:54 Cavalier
53:54 Blast Furnace
53:29 Plate Barding Armor
52:55 Scale Mail Armor
52:59 Padded Archer Armor
52:50 Fletching
53:45 Capped Ram
53:57 Paladin
Connection lost

Rejoining the realm…

Still unreachable

The connection could not be restored.

Session expired

The server has moved on; the page needs a fresh start.